 Dungeon Crawl Stone Soup version 0.30-a0-469-g84de5afbc5 (webtiles) character file.

Game seed: 17176590890591339148

499 MackTheKnife the Insei (level 7, -2/46 HPs)
             Began as an Octopode Monk on Dec 19, 2022.
             Was an Initiate of Gozag.
             Succumbed to a water moccasin's poison
             ... on level 5 of the Dungeon.
             The game lasted 00:04:33 (3108 turns).

MackTheKnife the Insei (Octopode Monk)              Turns: 3108, Time: 00:04:34

Health: -2/46      AC:  1    Str: 12    XL:     7   Next: 16%
Magic:  7/7        EV: 14    Int: 13    God:    Gozag
Gold:   258        SH:  0    Dex: 14    Spells: 6/6 levels left

rFire   . . .      SeeInvis +      - Unarmed
rCold   . . .      Faith    .    (no shield)
rNeg    . . .      Spirit   .    (helmet restricted)
rPois   .          Reflect  .    (no amulet)
rElec   .          Harm     .    j - ring of see invisible
rCorr   .          Rampage  .    k - ring of wizardry
Will    .....                    (no ring)
Stlth   +++.......               (no ring)
HPRegen 0.27/turn                (no ring)
MPRegen 0.10/turn                (no ring)
                                 (no ring)
                                 (no ring)

@: lethally poisoned (-2 -> -20), flying
A: almost no armour, amphibious, 8 rings, camouflage 1, gelatinous body 1,
(nimble swimmer 1), tentacles
a: Renounce Religion, Potion Petition, Call Merchant, Bribe Branch


You were on level 5 of the Dungeon.
You worshipped Gozag.
Gozag was aware of your devotion.
You visited 2 branches of the dungeon, and saw 6 of its levels.

You collected 258 gold pieces.


Innate Abilities, Weirdness & Mutations

You cannot wear most types of armour.
You are amphibious.
You can wear up to eight rings at the same time.
Your skin changes colour to match your surroundings (Stealth+).
Your rubbery body absorbs attacks. (AC +1, EV +1)
((You are camouflaged when in or above water. (Stealth+)))
You have tentacles for arms and can constrict up to eight enemies at once.


   Skills:
 - Level 3.0 Fighting
 - Level 3.0 Dodging
 + Level 3.2 Stealth
 - Level 7.8 Unarmed Combat


You had 6 spell levels left.
You didn't know any spells.
Your spell library contained the following spells:

 Spells                   Type           Power      Damage    Failure   Level
 Slow                     Hex            0%         N/A       12%         1
 Call Canine Familiar     Summ           0%         N/A       34%         3
 Confusing Touch          Hex            0%         N/A       34%         3
 Portal Projectile        Hex/Tloc       0%         N/A       34%         3
 Vampiric Draining        Necr           0%         2d6       34%         3
 Leda's Liquefaction      Hex/Erth       0%         N/A       73%         4

Inventory:

Missiles
 e - 5 stones (quivered) {throwing}
Armour
 t - a +0 buckler
   (You found it on level 4 of the Dungeon)
Jewellery
 j - a ring of see invisible (left tentacle)
   (You found it on level 1 of the Dungeon)
 k - a ring of wizardry (right tentacle)
   (You found it on level 2 of the Dungeon)
Wands
 u - a wand of mindburst (12)
   (You found it on level 5 of the Dungeon)
Scrolls
 b - 6 scrolls of identify {unknown}
 c - 2 scrolls of amnesia {unknown}
 d - a scroll of torment {unknown}
 h - 2 scrolls of enchant weapon {unknown}
 i - 3 scrolls of magic mapping {unknown}
 l - a scroll of acquirement {unknown}
 m - a scroll of fear {unknown}
 n - a scroll of enchant armour {unknown}
 o - a scroll of silence {unknown}
Potions
 a - 4 potions of ambrosia
 f - a potion of flight
 g - a potion of might {unknown}
 p - a potion of mutation {unknown}
 q - 2 potions of degeneration {unknown}
 r - 2 potions of attraction {unknown}
 s - a potion of cancellation {unknown}

Dungeon Overview and Level Annotations

Branches:
Dungeon (5/15) Zot: 26595  Temple (1/1) D:5 Zot: 5830

Altars:
Cheibriados
Dithmenos
Elyvilon
Fedhas
Gozag
Hepliaklqana
Makhleb
Nemelex Xobeh
Okawaru
Qazlal
Ru
Trog
Uskayaw
Vehumet
Wu Jian
Xom
Yredelemnul
Zin
The Shining One

Shops:
D:4 [

Annotations:
D:4 initializr's ghost, novice TeNe
D:5 Blork the orc; Pikel

.. #. ......
..###.###......
............... #.##
.............. .....
#............ .....
#..........o. #...
#....o....... #...
#####.###S# #...
........#@#############...
..........................
#####.#.#.##############.#
.. #<#.# #.# l.. ###.# #.#
K.5 ..# #.# 5. ### #.# .
###.# #....


You could see Blork the orc and a water moccasin.


Message History

The gnoll sergeant struggles to resist.
You hear a shout!
A quokka comes into view.
There is a stone staircase leading down here.
There is a stone staircase leading up here.
You climb upwards.
Level annotation: initializr's ghost, novice TeNe
There is a stone staircase leading down here.
There is a stone staircase leading down here.
You climb downwards.
Level annotation: Pikel
There is a stone staircase leading up here.
A water moccasin comes into view.
A hound comes into view.
The helpless hound fails to defend itself.
You bludgeon the hound! Your grab misses the hound.
Your squeeze misses the hound. The hound bites you. 😕 HP[-3]
You take 3 damage, and now have 43/46 hp.
You barely miss the hound. Your grab misses the hound.
Your squeeze misses the hound. The hound misses you.
You tentacle-slap the hound.
You kill the hound!
You now have 252 gold pieces (gained 5). 😕 HP[+1] 😕 HP[+1]
An iguana is nearby!
An iguana is nearby! 😎 HP[+1]
Your hp is fully restored (46).
An iguana is nearby!
The iguana hisses angrily.
You closely miss the iguana. You grab the iguana. You constrict the iguana.
The iguana closely misses you.
You tentacle-slap the iguana but do no damage.
You squeeze the iguana!
You constrict the iguana, but do no damage.
The iguana barely misses you.
You bludgeon the iguana!
You kill the iguana!
Your Stealth skill increases to level 3!
You now have 258 gold pieces (gained 6).
Blork the orc comes into view.
He is wielding a +0 scimitar.
Blork the orc shouts!
Unknown command.
The water moccasin hisses angrily.
Unknown command.
You bludgeon the water moccasin! Your grab misses the water moccasin.
You squeeze the water moccasin, but do no damage.
The water moccasin bites you.
You are poisoned.
The water moccasin poisons you! 😕 HP[-2]
You take 2 damage, and now have 44/46 hp.
You tentacle-slap the water moccasin. Your grab misses the water moccasin.
You feel very sick. The water moccasin bites you!
You are more poisoned.
The water moccasin poisons you! 😮 HP[-11]
You take 11 damage, and now have 33/46 hp.
MASSIVE DAMAGE!! (PAUSE)
You closely miss the water moccasin. You grab the water moccasin.
Your squeeze misses the water moccasin. You constrict the water moccasin.
You feel very sick. The water moccasin barely misses you.
The water moccasin closely misses you. 😮 HP[-4]
You take 4 damage, and now have 29/46 hp.
Unknown command.
You tentacle-slap the water moccasin but do no damage.
You constrict the water moccasin.
You feel very sick. The water moccasin bites you!
* * * LOW HITPOINT WARNING * * *
You are lethally poisoned!
The water moccasin poisons you! 😨 HP[-12]
You take 12 damage, and now have 17/46 hp.
MASSIVE DAMAGE!! (PAUSE)
You tentacle-slap the water moccasin. You constrict the water moccasin.
* * * LOW HITPOINT WARNING * * *
You feel very sick. The water moccasin bites you.
* * * LOW HITPOINT WARNING * * *
😱 HP[-12]
You take 12 damage, and now have 5/46 hp.
MASSIVE DAMAGE!! (PAUSE)
You tentacle-slap the water moccasin but do no damage.
You constrict the water moccasin.
* * * LOW HITPOINT WARNING * * *
You feel very sick.
The water moccasin completely misses you. 😱 HP[-3]
You take 3 damage, and now have 2/46 hp.
Unknown command.
It was a potion of flight.
You feel very buoyant.
You fly up into the air.
You constrict the water moccasin.
You die...
Your body crumbles into a pile of gold.

Skill      XL: |  1  2  3  4  5  6  7 |
---------------+----------------------+-----
Unarmed Combat | 4 5 6 7 |  7.8
Stealth        | 3 |  3.2
Fighting       | |  3.0
Dodging        | |  3.0

Action                   |  1- 3 |  4- 6 |  7- 9 || total
-------------------------+-------+-------+-------++-------
Melee: Unarmed           |    62 |    75 |    18 ||   155
       Tentacles         |    13 |    17 |     4 ||    34
       Constrict         |    12 |    18 |     3 ||    33
       Punch             |     1 |     3 |       ||     4
Evoke: Wand              |       |       |     1 ||     1
  Use: Potion            |       |       |     1 ||     1
 Stab: Sleeping          |    14 |     7 |     2 ||    23
Armor: Skin              |     4 |     3 |     1 ||     8
Dodge: Dodged            |    31 |    68 |     8 ||   107

Levels and vault maps discovered:
D:1:      pf_arrival_petrified_forest, layout_rooms
D:2:      layout_rooms, dreamdust_ecumenical_altar_statues
D:3:      layout_basic, nemelex_xobeh_ov_fountains_minmay
D:4:      layout_rooms, serial_shops, nicolae_square_shop,
          gammafunk_ghost_mausoleum, minmay_fractal_squares_5
D:5:      layout_basic, trog_butcher_becter, temple_statues,
          minmay_misc_feat_roman, hangedman_feature_mirror, uniq_prince_ribbit1,
          uniq_blork_the_orc, uniq_pikel
Temple:   minmay_temple_bridge_d

Notes
Turn   | Place    | Note
-------+----------+-------------------------------------------
     0 | D:1      | MackTheKnife the Octopode Monk began the quest for the Orb.
     0 | D:1      | Reached XP level 1. HP: 16/16 MP: 1/1
     0 | D:1      | magus.rc [v1.9.6]
    94 | D:1      | You pick up a book of Debilitation and begin reading...
    94 | D:1      | You add the spells Slow, Vampiric Draining and Confusing
                  | Touch to your library.
   122 | D:1      | Reached XP level 2. HP: 21/21 MP: 2/2
   217 | D:1      | You pick up a book of the Hunter and begin reading...
   217 | D:1      | You add the spells Call Canine Familiar, Portal Projectile
                  | and Leda's Liquefaction to your library.
   250 | D:1      | You pick up a book of Debilitation and begin reading...
   357 | D:1      | Reached skill level 4 in Unarmed Combat
   485 | D:1      | Reached XP level 3. HP: 26/26 MP: 3/3
   519 | D:2      | Found a faded altar of an unknown god.
  1132 | D:3      | Found a sparkling altar of Nemelex Xobeh.
  1135 | D:3      | Reached XP level 4. HP: 31/31 MP: 4/4
  1163 | D:3      | Reached skill level 5 in Unarmed Combat
  1506 | D:3      | Reached XP level 5. HP: 10/36 MP: 5/5
  1863 | D:4      | Identified the +1 cloak of the Slug {rC+}
  1916 | D:4      | Found a transporter.
  1974 | D:4      | Found Sahuar's Antique Armour Shoppe.
  2002 | D:4      | Found a transporter.
  2005 | D:4      | Noticed initializr's ghost (novice TeNe)
  2085 | D:4      | Reached skill level 6 in Unarmed Combat
  2096 | D:4      | Reached XP level 6. HP: 38/42 MP: 6/6
  2531 | D:5      | Entered Level 5 of the Dungeon
  2533 | D:5      | Noticed Pikel
  2592 | D:5      | Found a staircase to the Ecumenical Temple.
  2598 | Temple   | Entered the Ecumenical Temple
  2696 | Temple   | Became a worshipper of Gozag Ym Sagoz the Greedy
  2814 | D:5      | Found a hide-covered altar of Uskayaw.
  2822 | D:5      | Reached skill level 7 in Unarmed Combat
  2858 | D:5      | Found a bloodstained altar of Trog.
  2888 | D:5      | Reached XP level 7. HP: 46/46 MP: 7/7
  3095 | D:5      | Reached skill level 3 in Stealth
  3100 | D:5      | Noticed Blork the orc
  3106 | D:5      | HP: 11/46 [poisoned by a water moccasin]
  3106 | D:5      | HP: 5/46 [water moccasin (6)]
  3107 | D:5      | HP: 2/46 [poisoned by a water moccasin]
  3108 | D:5      | Succumbed to a water moccasin's poison

Vanquished Creatures
  An ogre (D:5)
  2 scorpions
  2 hounds (D:5)
  An orc priest (D:3)
  An iguana (D:5)
  2 orc wizards
  6 adders
  An ufetubus (D:4)
  A worm (D:4)
  A dart slug (D:3)
  7 orcs
  12 ball pythons
  3 endoplasms
  A giant cockroach (D:1)
  3 goblins (D:1)
  4 hobgoblins
  5 jackals
  A kobold (D:1)
  2 quokkas (D:1)
  6 bats
  4 frilled lizards
  7 rats
73 creatures vanquished.

Table legend:
 A = Non-vault XP
 B = Vault XP
 C = Vault XP percentage of total XP
 D = Non-vault monster count
 E = Vault monster count
 F = Vault count percentage of total count
                 A         B        C        D         E       F
            +---------+---------+-------+---------+---------+-------
      Total |     542 |     171 |  24.0 |      66 |       7 |   9.6
            +---------+---------+-------+---------+---------+-------
        D:1 |      34 |       0 |   0.0 |      21 |       0 |   0.0
        D:2 |      15 |       0 |   0.0 |      10 |       0 |   0.0
        D:3 |     153 |       0 |   0.0 |      21 |       0 |   0.0
        D:4 |     121 |      49 |  28.8 |       9 |       2 |  18.2
        D:5 |     219 |     122 |  35.8 |       5 |       5 |  50.0
            +---------+---------+-------+---------+---------+-------

Illustrated notes

Table legend:
 A = Kills in this place as a percentage of kills in entire the game.
 B = Kills by you in this place as a percentage of kills by you in the entire game.
 C = Kills by friends in this place as a percentage of kills by friends in the entire game.
 D = Other kills in this place as a percentage of other kills in the entire game.
 E = Experience gained in this place as a percentage of experience gained in the entire game.
 F = Experience gained in this place divided by the number of levels of this place that you have seen.
                   A       B       C       D       E      F
               +-------+-------+-------+-------+-------+----------------------
         Total | 100.0 | 100.0 |   N/A |   N/A | 100.0 | 118.8
       Dungeon | 100.0 | 100.0 |   N/A |   N/A | 100.0 | 142.6
               +-------+-------+-------+-------+-------+----------------------

Table legend: (Time is in decaauts)
 A = Elapsed time spent in this place.
 B = Non-inter-level travel time spent in this place.
 C = Inter-level travel time spent in this place.
 D = Time resting spent in this place.
 E = Time spent auto-exploring this place.
 F = Levels seen in this place.
 G = Mean time per level.
                   A        B        C        D        E       F      G
               +--------+--------+--------+--------+--------+-----+--------+
         Total |   3096 |   2787 |    309 |    226 |   1783 |   6 |  516.0 |
       Dungeon |   2926 |   2704 |    222 |    226 |   1719 |   5 |  585.2 |
        Temple |    169 |     82 |     87 |      0 |     64 |   1 |  169.0 |
               +--------+--------+--------+--------+--------+-----+--------+

Top non-repeatable levels by time:
     D:3: 901 daAuts
     D:4: 645 daAuts
     D:1: 515 daAuts
     D:2: 514 daAuts
     D:5: 349 daAuts
  Temple: 169 daAuts
